PCL
TEXARKANA BEARS @ HOUSTON HAMMERTIME
06/23/2027
 
TOP OF THE 1ST
Texarkana Bears batting - Pitching for Houston Hammertime : RHP Kevin Bader
Pitching: RHP Kevin Bader
Batting: RHB Gilberto López 0-0: Foul Ball, location: 2F
0-1: Ball
1-1: Foul Ball, location: 2F
1-2: Ball
2-2: Ball
3-2: SINGLE (Line Drive, 56D)
Batting: LHB Sam Barnes 0-0: Ball
Gilberto López steals 2nd base
1-0: Swinging Strike
1-1: Ball
2-1: Foul Ball, location: 2F
2-2: Fly out, F8 (Flyball, 8LS)
Batting: RHB Gustavo Díaz 0-0: Called Strike
0-1: Called Strike
0-2: Ground out 1-3 (Groundball, 15S)
Batting: RHB Billy Campbell 0-0: Ball
1-0: Fly out, F7 (Flyball, 7S)
Top of the 1st over - 0 run(s), 1 hit(s), 0 error(s), 1 left on base; Texarkana 0 - Houston 0
BOTTOM OF THE 1ST
Houston Hammertime batting - Pitching for Texarkana Bears : RHP Alberto Márquez
Pitching: RHP Alberto Márquez
Batting: SHB Carlos Córdova 0-0: Foul Ball, location: 2F
0-1: Ball
1-1: Ball
2-1: Foul Ball, location: 2F
2-2: Fly out, F7 (Flyball, 7LS)
Batting: RHB George Reeves 0-0: Foul Ball, location: 2F
0-1: Fly out, F4 (Line Drive, 4)
Batting: LHB Tom Baker 0-0: Called Strike
0-1: Foul Ball, location: 2F
0-2: Ground out 6-3 (Groundball, 6)
Bottom of the 1st over - 0 run(s), 0 hit(s), 0 error(s), 0 left on base; Texarkana 0 - Houston 0
TOP OF THE 2ND
Texarkana Bears batting - Pitching for Houston Hammertime : RHP Kevin Bader
Batting: LHB Tom Mullins 0-0: Called Strike
0-1: Foul Ball, location: 2F
0-2: Ground out 3-1 (Groundball, 34)
Batting: RHB Alberto Velásquez 0-0: Ball
1-0: Foul Ball, location: 2F
1-1: SINGLE (Groundball, 3D)
Batting: RHB Michael Barraclough 0-0: Ball
1-0: Foul Ball, location: 2F
1-1: Ball
2-1: Foul Ball, location: 2F
2-2: Ball
Alberto Velásquez steals 2nd base
3-2: Strikes out swinging
Batting: RHB Lu-fang Huie 0-0: Ball
1-0: 2-RUN HOME RUN (Flyball, 7LD), Distance : 348 ft
Batting: RHB Steve Garneys 0-0: Foul Ball, location: 2F
0-1: Swinging Strike
0-2: Ball
1-2: Strikes out swinging
Top of the 2nd over - 2 run(s), 2 hit(s), 0 error(s), 0 left on base; Texarkana 2 - Houston 0
BOTTOM OF THE 2ND
Houston Hammertime batting - Pitching for Texarkana Bears : RHP Alberto Márquez
Batting: LHB Bill Murphy 0-0: Foul Ball, location: 2F
0-1: Ball
1-1: Ball
2-1: SINGLE (Flyball, 78S)
Batting: RHB Dan Mason 0-0: Fly out, F4 (Popup, 4D)
Batting: RHB David Hernández 0-0: Grounds into double play, 6-4-3 (Groundball, 6)
Bottom of the 2nd over - 0 run(s), 1 hit(s), 0 error(s), 0 left on base; Texarkana 2 - Houston 0
TOP OF THE 3RD
Texarkana Bears batting - Pitching for Houston Hammertime : RHP Kevin Bader
Batting: RHB Gilberto López 0-0: Ball
1-0: Ball
2-0: Swinging Strike
2-1: Foul Ball, location: 2F
2-2: Ball
3-2: Fly out, F2 (Popup, 15S)
Batting: LHB Sam Barnes 0-0: Ball
1-0: Foul Ball, location: 2F
1-1: Ball
2-1: Ground out 4-3 (Groundball, 4S)
Batting: RHB Gustavo Díaz 0-0: Ball
1-0: Swinging Strike
1-1: Foul Ball, location: 2F
1-2: Strikes out looking
Top of the 3rd over - 0 run(s), 0 hit(s), 0 error(s), 0 left on base; Texarkana 2 - Houston 0
BOTTOM OF THE 3RD
Houston Hammertime batting - Pitching for Texarkana Bears : RHP Alberto Márquez
Batting: RHB Santo Cruz 0-0: Foul Ball, location: 2F
0-1: Ground out 6-3 (Groundball, 6)
Batting: RHB Alberto Chávez 0-0: Fly out, F2 (Popup, 23)
Batting: LHB Fernando Camacho 0-0: Ball
1-0: Called Strike
1-1: Ball
2-1: Called Strike
2-2: Ground out 4-3 (Groundball, 4M)
Bottom of the 3rd over - 0 run(s), 0 hit(s), 0 error(s), 0 left on base; Texarkana 2 - Houston 0
TOP OF THE 4TH
Texarkana Bears batting - Pitching for Houston Hammertime : RHP Kevin Bader
Batting: RHB Billy Campbell 0-0: Ball
1-0: Called Strike
1-1: SOLO HOME RUN (Line Drive, 89XD), Distance : 400 ft
Batting: LHB Tom Mullins 0-0: Foul Ball, location: 2F
0-1: Foul Ball, location: 2F
0-2: Ball
1-2: Fly out, F7 (Line Drive, 78S)
Batting: RHB Alberto Velásquez 0-0: Called Strike
0-1: Ball
1-1: Swinging Strike
1-2: Ball
2-2: Ball
3-2: Foul Ball, location: 2F
3-2: Fly out, F9 (Flyball, 9LSF)
Batting: RHB Michael Barraclough 0-0: Ball
1-0: Ball
2-0: Called Strike
2-1: Ball
3-1: Base on Balls
Batting: RHB Lu-fang Huie 0-0: Ball
1-0: Ball
Wild Pitch!
Michael Barraclough to second
2-0: Foul Ball, location: 2F
2-1: 2-RUN HOME RUN (Flyball, 7D), Distance : 366 ft
Batting: RHB Steve Garneys 0-0: Ball
1-0: SINGLE (Groundball, 56D)
Batting: RHB Gilberto López 0-0: Ball
1-0: Called Strike
1-1: Fielders Choice at 2nd, 5-4 (Groundball, 5)
Top of the 4th over - 3 run(s), 3 hit(s), 0 error(s), 0 left on base; Texarkana 5 - Houston 0
BOTTOM OF THE 4TH
Houston Hammertime batting - Pitching for Texarkana Bears : RHP Alberto Márquez
Batting: SHB Carlos Córdova 0-0: Ground out 1-3 (Groundball, 15S)
Batting: RHB George Reeves 0-0: Ground out 1-3 (Groundball, 15)
Batting: LHB Tom Baker 0-0: Fly out, F7 (Line Drive, 7S)
Bottom of the 4th over - 0 run(s), 0 hit(s), 0 error(s), 0 left on base; Texarkana 5 - Houston 0
TOP OF THE 5TH
Texarkana Bears batting - Pitching for Houston Hammertime : RHP Kevin Bader
Batting: LHB Sam Barnes 0-0: Ball
1-0: Foul Ball, location: 2F
1-1: Ball
2-1: Swinging Strike
2-2: Ground out 4-3 (Groundball, 34)
Batting: RHB Gustavo Díaz 0-0: Ball
1-0: SINGLE (Line Drive, 34)
Batting: RHB Billy Campbell 0-0: Called Strike
0-1: Ball
1-1: Swinging Strike
1-2: Strikes out swinging
Batting: LHB Tom Mullins 0-0: Fly out, F8 (Flyball, 8RD)
Top of the 5th over - 0 run(s), 1 hit(s), 0 error(s), 1 left on base; Texarkana 5 - Houston 0
BOTTOM OF THE 5TH
Houston Hammertime batting - Pitching for Texarkana Bears : RHP Alberto Márquez
Batting: LHB Bill Murphy 0-0: Ball
1-0: Ball
2-0: Called Strike
2-1: Foul Ball, location: 2F
2-2: Ball
3-2: Foul Ball, location: 2F
3-2: Ground out 4-3 (Groundball, 4D)
Batting: RHB Dan Mason 0-0: Ball
1-0: Foul Ball, location: 2F
1-1: Foul Ball, location: 2F
1-2: Ball
2-2: Foul Ball, location: 2F
2-2: Foul Ball, location: 2F
2-2: DOUBLE (Line Drive, 78M)
Batting: RHB David Hernández 0-0: Fly out, F4 (Line Drive, 4)
Batting: RHB Santo Cruz 0-0: Ground out 5-3 (Groundball, 56)
Bottom of the 5th over - 0 run(s), 1 hit(s), 0 error(s), 1 left on base; Texarkana 5 - Houston 0
TOP OF THE 6TH
Texarkana Bears batting - Pitching for Houston Hammertime : RHP Kevin Bader
Batting: RHB Alberto Velásquez 0-0: Foul Ball, location: 2F
0-1: TRIPLE (Flyball, 7LD)
Batting: RHB Michael Barraclough 0-0: Ball
1-0: Swinging Strike
1-1: Swinging Strike
Passed Ball!
Alberto Velásquez scores
1-2: DOUBLE (Line Drive, 78D)
Pitching: RHP Pedro Castillo
Batting: RHB Lu-fang Huie 0-0: Ball
1-0: Ground out 5-3 (Groundball, 5L)
Batting: RHB Steve Garneys 0-0: Ball
1-0: Ball
2-0: Ball
3-0: Base on Balls
Batting: RHB Gilberto López 0-0: Called Strike
0-1: SINGLE (Line Drive, 7S)
Michael Barraclough to third
Steve Garneys to second
Runner from 3rd tries for Home, SAFE, no throw
Batting: LHB Sam Barnes 0-0: Called Strike
0-1: Swinging Strike
0-2: Strikes out looking
Batting: RHB Gustavo Díaz 0-0: Foul Ball, location: 2F
0-1: Ball
1-1: Foul Ball, location: 2F
1-2: Foul Ball, location: 2F
1-2: Ball
2-2: Foul Ball, location: 2F
2-2: DOUBLE (Line Drive, 78D)
Steve Garneys scores
Gilberto López to third
Runner from 3rd tries for Home, throw and OUT!
Top of the 6th over - 3 run(s), 4 hit(s), 0 error(s), 1 left on base; Texarkana 8 - Houston 0
BOTTOM OF THE 6TH
Houston Hammertime batting - Pitching for Texarkana Bears : RHP Alberto Márquez
Batting: RHB Alberto Chávez 0-0: Ground out 5-3 (Groundball, 56S)
Batting: LHB Fernando Camacho 0-0: Swinging Strike
0-1: Foul Ball, location: 2F
0-2: Ground out 4-3 (Groundball, 34)
Batting: SHB Carlos Córdova 0-0: Ball
1-0: Ground out 4-3 (Groundball, 4)
Bottom of the 6th over - 0 run(s), 0 hit(s), 0 error(s), 0 left on base; Texarkana 8 - Houston 0
TOP OF THE 7TH
Texarkana Bears batting - Pitching for Houston Hammertime : RHP Pedro Castillo
Batting: RHB Billy Campbell 0-0: Ball
1-0: Ball
2-0: Foul Ball, location: 2F
2-1: SOLO HOME RUN (Flyball, 7D), Distance : 354 ft
Batting: LHB Tom Mullins 0-0: Ball
1-0: SOLO HOME RUN (Flyball, 7LD), Distance : 331 ft
Batting: RHB Alberto Velásquez 0-0: Swinging Strike
0-1: Ball
1-1: Swinging Strike
1-2: Ball
2-2: Foul Ball, location: 2F
2-2: Foul Ball, location: 2F
2-2: Ball
3-2: Fly out, F8 (Flyball, 8RS)
Batting: RHB Michael Barraclough 0-0: Foul Ball, location: 2F
0-1: Ball
1-1: Ball
2-1: DOUBLE (Line Drive, 78D)
Batting: RHB Lu-fang Huie 0-0: Ball
1-0: Ball
2-0: Called Strike
2-1: Ball
3-1: Base on Balls
Batting: RHB Steve Garneys 0-0: Ball
Michael Barraclough is caught stealing 3rd base
Lu-fang Huie to second
1-0: Foul Ball, location: 2F
1-1: Ground out 6-3 (Groundball, 56)
Top of the 7th over - 2 run(s), 3 hit(s), 0 error(s), 1 left on base; Texarkana 10 - Houston 0
BOTTOM OF THE 7TH
Houston Hammertime batting - Pitching for Texarkana Bears : RHP Alberto Márquez
Batting: RHB George Reeves 0-0: Ball
1-0: Swinging Strike
1-1: Called Strike
1-2: Ground out 6-3 (Groundball, 6)
Batting: LHB Tom Baker 0-0: Ball
1-0: Ground out U3 (Groundball, 34S)
Batting: LHB Bill Murphy 0-0: Swinging Strike
0-1: Foul Ball, location: 2F
0-2: Foul Ball, location: 2F
0-2: Ball
1-2: Foul Ball, location: 2F
1-2: Ground out 4-3 (Groundball, 4S)
Bottom of the 7th over - 0 run(s), 0 hit(s), 0 error(s), 0 left on base; Texarkana 10 - Houston 0
TOP OF THE 8TH
Texarkana Bears batting - Pitching for Houston Hammertime : RHP Pedro Castillo
Pinch Hitting: RHB Juan Rico 0-0: Ball
1-0: Foul Ball, location: 2F
1-1: Foul Ball, location: 2F
1-2: SINGLE (Groundball, 56D)
Pitching: RHP Andrés Rivera
Batting: LHB Sam Barnes 0-0: Ball
1-0: Swinging Strike
1-1: Called Strike
1-2: Ball
2-2: Foul Ball, location: 2F
2-2: Foul Ball, location: 2F
2-2: Foul Ball, location: 2F
2-2: Strikes out swinging
Batting: RHB Gustavo Díaz 0-0: Ball
1-0: Grounds into double play, 6-4-3 (Groundball, 56D)
Top of the 8th over - 0 run(s), 1 hit(s), 0 error(s), 0 left on base; Texarkana 10 - Houston 0
BOTTOM OF THE 8TH
Houston Hammertime batting - Pitching for Texarkana Bears : RHP Alberto Márquez
Now in LF: Taki Chikafuji
Pinch Hitting: LHB Juan Cabañas 0-0: Ball
1-0: Foul Ball, location: 2F
1-1: Ball
2-1: Ball
3-1: Ground out 3-1 (Groundball, 23)
Batting: RHB David Hernández 0-0: Called Strike
0-1: Ball
1-1: Foul Ball, location: 2F
1-2: Ball
2-2: Fly out, F8 (Line Drive, 8LD)
Batting: RHB Santo Cruz 0-0: Swinging Strike
0-1: Swinging Strike
0-2: Fly out, F8 (Line Drive, 8LM)
Bottom of the 8th over - 0 run(s), 0 hit(s), 0 error(s), 0 left on base; Texarkana 10 - Houston 0
TOP OF THE 9TH
Texarkana Bears batting - Pitching for Houston Hammertime : RHP Andrés Rivera
Now in LF: Juan Cabañas
Batting: RHB Billy Campbell 0-0: Ball
1-0: Foul Ball, location: 2F
1-1: Ball
2-1: Ground out 5-3 (Groundball, 5)
Batting: LHB Tom Mullins 0-0: Fly out, F7 (Flyball, 7S)
Batting: RHB Alberto Velásquez 0-0: Called Strike
0-1: Foul Ball, location: 2F
0-2: Ball
1-2: Ball
2-2: Ball
3-2: Ground out U3 (Groundball, 3)
Top of the 9th over - 0 run(s), 0 hit(s), 0 error(s), 0 left on base; Texarkana 10 - Houston 0
BOTTOM OF THE 9TH
Houston Hammertime batting - Pitching for Texarkana Bears : RHP Alberto Márquez
Now at 3B: Kun Liu
Batting: RHB Alberto Chávez 0-0: Ball
1-0: Swinging Strike
1-1: Foul Ball, location: 2F
1-2: Foul Ball, location: 2F
1-2: Strikes out looking
Batting: LHB Fernando Camacho 0-0: Ball
1-0: Ground out U3 (Groundball, 34)
Batting: SHB Carlos Córdova 0-0: Ball
1-0: Ball
2-0: Called Strike
2-1: Called Strike
2-2: Ball
3-2: SINGLE (Groundball, 6M) (infield hit)
Batting: RHB George Reeves 0-0: Swinging Strike
0-1: Ball
1-1: Ground out 4-3 (Groundball, 4MS)
Bottom of the 9th over - 0 run(s), 1 hit(s), 0 error(s), 1 left on base; Texarkana 10 - Houston 0
Thursday, March 30th, 2017 - OOTP Baseball 17.12 Build 75